AoeStats
← BSV | Gabriel

Arabia

508656085Analyzed
1v1 RM · 8d ago on Sep 23, 2026· 23m 23s· 2 players
Game mode
Random Map
Map size
Tiny (2 player)
Population
200
Speed
Normal
Resources
Standard
Victory
Conquest
Starting age
Dark Age
Ending age
Imperial Age
RankedLock teamsTeams togetherTeam positionsShared explorationLock speedFull tech treeHidden civsTurbo modeCheats
Victory
Defeat
🇹🇷 Mongols · Türkiye
1232
+16
🇻🇪 Varangians · Venezuela
1229
-16
BSV | Gabriel
5:56 Loom
9:21 Feudal Age
14:40 Bloodlines
15:42 Bloodlines
materialsublot
7:54 Feudal Age
9:54 Loom
10:22 Double-Bit Axe
20:34 Castle Age
21:12 Bloodlines
23:47 Husbandry
Connection lost

Rejoining the realm…

Still unreachable

The connection could not be restored.

Session expired

The server has moved on; the page needs a fresh start.